 Dungeon Crawl Stone Soup version 0.21-a0-51-gea492e9 (webtiles) character file.

341098 Rrauwl the Executioner (level 22, -17/153 HPs)
             Began as a Hill Orc Fighter on May 26, 2017.
             Was the Champion of Okawaru.
             Demolished by an azure jelly (19 damage)
             ... created by the Royal Jelly
             ... on level 5 of the Pits of Slime on June 13, 2017.
             The game lasted 03:31:39 (42919 turns).

Rrauwl the Executioner (Hill Orc Fighter)          Turns: 42919, Time: 03:31:39

Health: -17/153    AC: 14    Str: 37      XL:     22   Next: 0%
Magic:  20/27      EV: 28    Int: 15      God:    Okawaru [******]
Gold:   748        SH: 32    Dex: 25 (26) Spells: 18/21 levels left

rFire    + + .     SeeInvis .   a - +9 broad axe (elec)
rCold    + . .     Gourm    .   T - +3 large shield {reflect}
rNeg     + . .     Faith    .   i - +6 chain mail of the Cockatrice {*Corrode +Inv rF+++ Dex+6}
rPois    +         Spirit   .   v - +0 helmet
rElec    +         Reflect  +   J - scarf "Xiepyih" {MR+ Str+10 Dex-2}
rCorr    +         Harm     .   L - +3 pair of gloves "Nocuuwe" {+Inv rCorr Str-2 Int+5}
MR       +++++                  w - +2 pair of boots {Stlth+}
Stlth    ++........             V - amulet of rage
Regen    0.4/turn               f - ring of Juceupri {rElec MR+ Dex+2 Stlth-}
MPRegen  0.2/turn               S - ring of Yendor {Ice rPois rN+ MR+}

@: mighty, agile, heroism, corroded, berserk cooldown, very slightly
contaminated, hasted and slowed, invisible
A: claws 1, talons 1, molten scales 1, slimy green scales 1, clever 1,
deterioration 2, frail 2, low mp 2, magic resistance 1
}: 2/15 runes: decaying, serpentine
a: Heroism, Finesse, Renounce Religion, Evoke Berserk Rage


You were on level 5 of the Pits of Slime.
You worshipped Okawaru.
Okawaru was exalted by your worship.
You were not hungry.

You visited 8 branches of the dungeon, and saw 40 of its levels.
You also visited: Labyrinth.

You collected 4157 gold pieces.
You spent 3409 gold pieces at shops.

Inventory:

Hand Weapons
 a - a +9 broad axe of electrocution (weapon)
 b - a +0 hand crossbow
 c - the +7 whip "Laxtoihi" {slash, rC+}
   (You found it on level 3 of the Swamp)

   It inflicts extra damage upon your enemies.
   It protects you from cold.
Missiles
 r - 5 steel tomahawks (quivered)
 X - 300 bolts
Armour
 i - the +6 chain mail of the Cockatrice (worn) {*Corrode +Inv rF+++ Dex+6}
   (You found it on level 1 of the Snake Pit)

   It affects your dexterity (+6).
   It renders you almost immune to fire.
   It lets you turn invisible.
   It may corrode you when you take damage.
 v - a +0 helmet (worn)
 w - a +2 pair of boots of stealth (worn)
 J - the scarf "Xiepyih" (worn) {MR+ Str+10 Dex-2}
   (Okawaru gifted it to you on level 2 of the Orcish Mines)

   It affects your strength (+10).
   It affects your dexterity (-2).
   It affects your resistance to hostile enchantments.
 L - the +3 pair of gloves "Nocuuwe" (worn) {+Inv rCorr Str-2 Int+5}
   (You bought it in a shop on level 2 of the Orcish Mines)

   It affects your strength (-2).
   It affects your intelligence (+5).
   It lets you turn invisible.
   It protects you from acid and corrosion.
 T - a +3 large shield of reflection (worn)
Jewellery
 d - an uncursed ring of flight
 f - the ring of Juceupri (left hand) {rElec MR+ Dex+2 Stlth-}
   (You found it on level 3 of the Lair of Beasts)

   [ring of protection from magic]

   It affects your dexterity (+2).
   It insulates you from electricity.
   It affects your resistance to hostile enchantments.
   It makes you less stealthy.
 S - the ring of Yendor (right hand) {Ice rPois rN+ MR+}
   (You bought it in a shop on level 4 of the Snake Pit)

   [ring of ice]

   It enhances your ice magic.
   It makes you vulnerable to fire.
   It protects you from cold.
   It protects you from poison.
   It protects you from negative energy.
   It affects your resistance to hostile enchantments.
 V - an amulet of rage (around neck)
Wands
 e - a wand of iceblast (2/15)
 m - a wand of polymorph (16/24)
 q - a wand of lightning (5/15)
 A - a wand of digging (10/24)
 E - a wand of paralysis (16/24)
 Z - a wand of clouds (8/9)
Scrolls
 h - a scroll of blinking
 p - 20 scrolls of remove curse
 u - 5 scrolls of identify
 z - 8 scrolls of teleportation
 B - 4 scrolls of fear
 R - 4 scrolls of silence
 W - 6 scrolls of magic mapping
 Y - a scroll of fog
Potions
 g - 7 potions of curing
 j - 7 potions of cancellation
 l - 2 potions of ambrosia
 n - a potion of might
 x - 2 potions of heal wounds
 K - 5 potions of haste
 O - a potion of resistance
Miscellaneous
 F - a lightning rod (4/4)
 U - a lamp of fire
Comestibles
 o - 9 royal jellies


   Skills:
 - Level 15.0(20.0) Fighting
 - Level 23.0(27) Axes
 - Level 13.0(18.0) Armour
 + Level 9.7(14.7) Dodging
 - Level 19.0(24.0) Shields
 - Level 14.0 Invocations
 - Level 17.2 Evocations


You had 18 spell levels left.
You knew the following spells:

 Your Spells              Type           Power        Failure   Level  Hunger
a - Blink                 Tloc           N/A          73%         2    ###....
b - Summon Butterflies    Summ           #.......     58%         1    ##.....


Dungeon Overview and Level Annotations

Branches:
Dungeon (15/15)            Temple (1/1) D:6            Lair (6/6) D:8
  Swamp (4/4) Lair:4        Snake (4/4) Lair:4        Slime (5/5) Lair:6
    Orc (2/2) D:12            Elf (3/3) Orc:2        Vaults (0/5) D:13
 Depths (0/5) D:15

Altars:
Ashenzari
Cheibriados
Dithmenos
Elyvilon
Fedhas
Gozag
Hepliaklqana
Kikubaaqudgha
Makhleb
Nemelex Xobeh
Okawaru
Qazlal
Ru
Sif Muna
Trog
Uskayaw
Vehumet
Wu Jian
Xom
Yredelemnul
Zin
The Shining One
Beogh
Jiyva

Shops:
D:9 }   Orc:2 *([[   Elf:2 =[[(!   Elf:3 *[(   Snake:4 [=%

Portals:
Trove: Elf:1 (give +7 demon whip)

Annotations:
Lair:1 exclusion: oklob plant


Innate Abilities, Weirdness & Mutations

You have sharp fingernails.
You have sharp toenails.
You are partially covered in molten scales. (AC +2)
You are partially covered in slimy green scales. (AC +2)
Your mind is acute. (Int +2)
Your body often deteriorates upon taking damage.
You are very frail. (-20% HP)
Your magical capacity is very low. (-20% MP)
You are resistant to hostile enchantments. (MR+)


Message History

You block the azure jelly's attack. The azure jelly barely misses you.
The azure jelly misses you. The death ooze hits you!
The death ooze closely misses you.
You hit the azure jelly but do no damage.
The azure jelly is almost dead.
You hit the azure jelly but do no damage.
You slash the death ooze! The azure jelly hits you.
The azure jelly freezes you! You resist. The azure jelly hits you.
The azure jelly freezes you!! You resist.
* * * LOW HITPOINT WARNING * * *
You block the azure jelly's attack. The azure jelly misses you.
The azure jelly hits you!
* * * LOW HITPOINT WARNING * * *
The azure jelly freezes you!! You resist.
* * * LOW HITPOINT WARNING * * *
Your body deteriorates!
You feel clumsy. The azure jelly hits you.
* * * LOW HITPOINT WARNING * * *
The azure jelly freezes you!! You resist.
You die...

...........................##
............................###
..............................#
..............................#
..............................##
...............................##
....#..#.##.....................#
...#####.#####...J..............#
..###[ #..# ##.@J...............
.###|/(##.# ?(###J...............
###$=$##..##[}[###...............
##$}/[)#.##()=|$###..............
##()[$##..##/}$[##...............
# #$$#)##.#[#)"# #...............
########..########...............
#...#........#...#...............
..#...#.._.#...#.................


You could see 2 azure jellies and a death ooze.

Vanquished Creatures
  the Royal Jelly (Slime:5)
  Saint Roka (Orc:2)
  the Lernaean hydra (Swamp:4)
  Rupert (Orc:2)
  15 acid blobs
  A deep elf blademaster (Elf:3)
  A deep elf master archer (Elf:3)
  7 nagarajas
  16 azure jellies
  An orc warlord (Elf:3)
  Aizul (Snake:3)
  2 deep elf elementalists (Elf:3)
  5 deep elf sorcerers (Elf:3)
  9 deep elf demonologists
  Nessos (Lair:6)
  9 deep elf annihilators (Elf:3)
  An ettin (Orc:2)
  5 death oozes (Slime:5)
  The ghost of IsvaffelMax the Martial Artist, a journeyman MfTm of Uskayaw (Lair:1)
  2 deep elf death magi (Elf:3)
  Josephine (D:12)
  A minotaur (Lab)
  Fannar (Orc:1)
  A yaktaur captain (D:15)
  4 great orbs of eyes
  A fire dragon (Lair:6)
  7 deep elf high priests (Elf:3)
  10 hydras
  19 naga warriors
  A vault guard (D:13)
  2 ice dragons
  A ghost crab (Swamp:4)
  15 anacondas
  7 two-headed ogres
  3 centaur warriors
  5 alligators
  5 death yaks (Lair:5)
  A catoblepas (Lair:5)
  38 dancing weapons
  3 orc high priests
  Urug (D:11)
  23 naga sharpshooters
  Sonja (Lair:4)
  14 deep elf knights
  6 shock serpents
  Nergalle (D:11)
  A salamander mystic (Snake:4)
  4 spriggan druids
  2 small abominations (Elf:3)
  4 sea snakes (Snake:3)
  16 swamp dragons
  A glowing orange brain (Slime:3)
  A large abomination (Elf:3)
  3 unseen horrors
  A lindwurm (Lair:6)
  9 naga ritualists
  A harpy (shapeshifter) (Elf:1)
  3 shambling mangroves
  9 deep elf archers
  13 mana vipers
  2 wolf spider zombies (D:15)
  62 deep elf magi
  A wolf spider (Lair:6)
  4 cyclopes
  7 shining eyes
  15 salamanders
  2 orc sorcerers
  8 orc knights
  13 elephants
  13 ugly things
  A spectral centaur (D:15)
  2 manticores
  49 black mambas
  4 centaur zombies
  2 eyes of devastation (Slime:5)
  A water nymph (shapeshifter) (Elf:3)
  6 guardian serpents
  An ice statue (Lair:3)
  31 naga magi
  2 centaur skeletons (D:12)
  Psyche (D:8)
  2 gargoyles
  3 rime drakes
  16 spiny frogs
  6 kobold demonologists
  9 komodo dragons
  A yaktaur (D:15)
  8 polar bears
  9 trolls
  10 tyrant leeches
  3 meliai (D:12)
  16 hornets
  31 blink frogs
  2 bog bodies
  11 dream sheep
  8 hippogriffs
  94 slime creatures
  2 air elementals (Elf:1)
  2 centaur simulacra (D:10)
  5 shadows
  6 wraiths
  41 yaks
  A vampire (D:10)
  16 spriggans
  3 redbacks (Lair:6)
  4 hogs (D:7)
  A human (D:7)
  A water elemental (Elf:3)
  8 wyverns
  5 basilisks
  5 steam dragons (Lair:6)
  15 vampire mosquitoes
  2 hungry ghosts
  4 wargs
  An acid dragon (Lair:6)
  75 nagas
  20 swamp worms
  8 insubstantial wisps
  28 water moccasins
  14 swamp drakes
  Duvessa (D:5)
  6 porcupines
  46 orc warriors
  15 ice beasts
  A black bear (D:8)
  2 sky beasts
  4 eyes of draining
  7 necrophages
  8 boggarts
  5 phantoms
  12 centaurs
  5 ogres
  14 crocodiles
  6 wolves
  The ghost of runewalsh the Chiller, an amateur OpIE (D:4)
  28 bullfrogs
  10 big kobolds
  6 earth elementals
  Dowan (D:5)
  A gnoll sergeant (D:6)
  2 wyvern skeletons (D:12)
  A water moccasin skeleton (D:7)
  16 killer bees (D:7)
  2 troll skeletons (Lab)
  An electric eel (D:10)
  3 vampire bats (D:4)
  2 howler monkeys
  3 jellies
  8 crimson imps
  4 hounds
  2 bullfrog skeletons
  31 orc priests
  28 orc wizards
  8 iguanas
  10 worker ants
  2 bullfrog simulacra (D:10)
  2 ogre skeletons (Lab)
  3 gnolls (D:6)
  A howler monkey skeleton (D:7)
  21 adders
  6 shadow imps
  6 white imps
  A worker ant simulacrum (D:10)
  8 ufetubi (D:10)
  2 oozes (Lair:6)
  5 worms
  4 dart slugs
  3 leopard geckos
  115 orcs
  9 bats
  2 bat skeletons (D:4)
  3 bat zombies (D:4)
  8 giant cockroaches
  5 goblins
  9 hobgoblins
  3 jackals (D:6)
  7 quokkas
  5 ball pythons
  A ball python skeleton (D:5)
  5 frilled lizards
  A jackal zombie (D:5)
  24 kobolds
  2 quokka skeletons
  11 rats
  5 fungi
  18 plants
1641 creatures vanquished.

Vanquished Creatures (others)
  A deep elf master archer (Elf:3)
  A deep elf mage (Elf:2)
  A naga (Snake:2)
  An orc wizard (Orc:1)
  An orc (Orc:1)
  13 fungi
  25 plants
43 creatures vanquished.

Grand Total: 1684 creatures vanquished

Notes
Turn   | Place    | Note
-------+----------+-------------------------------------------
     0 | D:1      | Rrauwl the Hill Orc Fighter began the quest for the Orb.
     0 | D:1      | Reached XP level 1. HP: 19/19 MP: 1/1
    30 | D:1      | Reached skill level 3 in Axes
    81 | D:1      | Reached XP level 2. HP: 27/27 MP: 2/2
   438 | D:1      | Reached XP level 3. HP: 19/33 MP: 3/3
   927 | D:2      | Reached XP level 4. HP: 5/40 MP: 4/4
  1216 | D:2      | Reached skill level 4 in Axes
  2013 | D:3      | Reached skill level 5 in Axes
  2013 | D:3      | Reached XP level 5. HP: 33/46 MP: 5/5
  2461 | D:3      | Upgraded the game from 0.21-a0-28-g9a7844a to 0.21-a0-33-g8b44e26
  2461 | D:3      | Upgraded the game from 0.21-a0-33-g8b44e26 to 0.21-a0-38-g95c5c02
  2461 | D:3      | Upgraded the game from 0.21-a0-38-g95c5c02 to 0.21-a0-39-g28ea6b7
  2461 | D:3      | Upgraded the game from 0.21-a0-39-g28ea6b7 to 0.21-a0-51-gea492e9
  2692 | D:3      | Reached skill level 1 in Dodging
  2951 | D:4      | Reached skill level 6 in Axes
  3000 | D:4      | Reached XP level 6. HP: 42/52 MP: 6/6
  3085 | D:4      | Reached skill level 7 in Axes
  3267 | D:4      | Noticed runewalsh's ghost (amateur OpIE)
  3295 | D:4      | Found an ancient bone altar of Kikubaaqudgha.
  3344 | D:4      | Reached skill level 8 in Axes
  3344 | D:4      | Reached XP level 7. HP: 58/59 MP: 7/7
  3461 | D:4      | Killed runewalsh's ghost
  3461 | D:4      | Reached skill level 9 in Axes
  3842 | D:5      | Entered Level 5 of the Dungeon
  3929 | D:5      | Reached skill level 10 in Axes
  3955 | D:5      | Reached XP level 8. HP: 58/66 MP: 8/8
  4100 | D:5      | Noticed Duvessa
  4100 | D:5      | Noticed Dowan
  4106 | D:5      | Killed Duvessa
  4106 | D:5      | Reached skill level 11 in Axes
  4109 | D:5      | Killed Dowan
  4257 | D:5      | Reached skill level 12 in Axes
  4339 | D:5      | Reached skill level 13 in Axes
  4744 | D:6      | Reached XP level 9. HP: 71/71 MP: 9/9
  5080 | D:6      | Found an iron altar of Okawaru.
  5116 | D:6      | Became a worshipper of Warmaster Okawaru
  5207 | D:6      | Reached skill level 14 in Axes
  5472 | D:6      | Found a staircase to the Ecumenical Temple.
  5478 | Temple   | Entered the Ecumenical Temple
  5756 | D:6      | Gained mutation: Your magical capacity is low. (-10% MP) [mutagenic meat]
  5757 | D:6      | Gained mutation: Your mind is acute. (Int +2) [mutagenic meat]
  5759 | D:6      | Gained mutation: You are partially covered in molten scales. (AC +2) [mutagenic meat]
  5760 | D:6      | Gained mutation: You have sharp toenails. [mutagenic meat]
  5761 | D:6      | Gained mutation: You are partially covered in slimy green scales. (AC +2) [mutagenic meat]
  5802 | D:6      | Reached * piety under Okawaru
  5915 | D:7      | Reached skill level 15 in Axes
  6070 | D:7      | Learned a level 2 spell: Blink
  6109 | D:7      | Reached ** piety under Okawaru
  6109 | D:7      | Reached skill level 16 in Axes
  6110 | D:7      | Reached XP level 10. HP: 33/78 MP: 9/9
  6580 | D:7      | Reached skill level 17 in Axes
  6830 | D:7      | Found a hide-covered altar of Uskayaw.
  7031 | D:7      | Found a basalt altar of Yredelemnul.
  7526 | D:8      | Noticed a two-headed ogre
  7537 | D:8      | Killed a two-headed ogre
  7537 | D:8      | Reached *** piety under Okawaru
  7549 | D:8      | Noticed Psyche
  7568 | D:8      | Killed Psyche
  7568 | D:8      | Reached skill level 18 in Axes
  7619 | D:8      | Noticed a two-headed ogre
  7631 | D:8      | Killed a two-headed ogre
  7631 | D:8      | Received a gift from Okawaru
  7783 | D:8      | Reached XP level 11. HP: 57/84 MP: 9/9
  7797 | D:8      | Reached skill level 19 in Axes
  7892 | D:8      | Found a staircase to the Lair.
  7986 | D:8      | Reached skill level 5 in Fighting
  8132 | D:8      | Reached **** piety under Okawaru
  8340 | Lair:1   | Entered Level 1 of the Lair of Beasts
  9065 | D:9      | Reached ***** piety under Okawaru
  9190 | D:9      | Found Moeroweme's Gadget Shoppe.
  9326 | D:9      | Noticed a two-headed ogre
  9332 | D:9      | Killed a two-headed ogre
  9332 | D:9      | Reached skill level 5 in Armour
  9354 | D:9      | Got a crude quarterstaff
  9355 | D:9      | Identified the +8 quarterstaff of Certain Death {crush, rC+ Dex+5} (You found it on level 9 of the Dungeon)
  9369 | D:10     | Entered Level 10 of the Dungeon
  9410 | D:10     | Noticed a two-headed ogre
  9428 | D:10     | Killed a two-headed ogre
  9533 | D:10     | Paralysed by a hornet for 1 turns
  9541 | D:10     | Paralysed by a hornet for 2 turns
  9548 | D:10     | Paralysed by a hornet for 3 turns
 10063 | D:10     | Reached skill level 10 in Fighting
 10224 | D:10     | Reached XP level 12. HP: 102/106 MP: 10/10
 10296 | D:10     | Received a gift from Okawaru
 10954 | D:11     | Noticed Urug
 10971 | D:11     | Killed Urug
 10971 | D:11     | Reached skill level 5 in Shields
 11160 | D:11     | Noticed a soul eater
 11332 | D:11     | Found a labyrinth entrance.
 11340 | Lab      | Entered a labyrinth
 11959 | Lab      | Noticed a minotaur
 11974 | Lab      | Killed a minotaur
 11987 | Lab      | Got a spiked buckler
 11998 | Lab      | Identified the +4 buckler "Buxaxyck" {rElec rPois Int-3 Dex+4} (You found it in a labyrinth)
 12033 | D:11     | Noticed Nergalle
 12056 | D:11     | Killed Nergalle
 12222 | D:11     | Noticed a two-headed ogre
 12228 | D:11     | Killed a two-headed ogre
 12608 | Lair:1   | Reached skill level 1 in Invocations
 12924 | Lair:1   | Noticed IsvaffelMax's ghost (journeyman MfTm)
 12949 | Lair:1   | Killed IsvaffelMax's ghost
 12949 | Lair:1   | Reached skill level 5 in Invocations
 13063 | Lair:1   | Reached skill level 1 in Evocations
 13067 | Lair:1   | Reached XP level 13. HP: 63/115 MP: 11/15
 14708 | Lair:3   | Noticed an ice dragon
 14726 | Lair:3   | Killed an ice dragon
 14726 | Lair:3   | Received a gift from Okawaru
 14900 | Lair:3   | Reached skill level 5 in Dodging
 15234 | Lair:3   | Reached skill level 10 in Invocations
 16056 | Lair:3   | Got a glittering lead ring
 16076 | Lair:3   | Identified the ring of Juceupri {rElec MR+ Dex+2 Stlth-} (You found it on level 3 of the Lair of Beasts)
 16201 | Lair:4   | Found a staircase to the Swamp.
 16475 | Lair:4   | Reached XP level 14. HP: 125/125 MP: 19/19
 16601 | Lair:4   | Noticed Sonja
 16717 | Lair:4   | Found a staircase to the Snake Pit.
 16811 | Lair:4   | Received a gift from Okawaru
 16971 | Lair:4   | Killed Sonja
 17551 | Lair:5   | Reached skill level 10 in Armour
 18686 | Lair:6   | Entered Level 6 of the Lair of Beasts
 18781 | Lair:6   | Received a gift from Okawaru
 18793 | Lair:6   | Got a slimy buckler {god gift}
 18804 | Lair:6   | Identified the +0 buckler of the Swan {Int+4} (Okawaru gifted it to you on level 6 of the Lair of Beasts)
 18906 | Lair:6   | Reached skill level 10 in Shields
 19015 | Lair:6   | Found a runed door.
 19016 | Lair:6   | Found a viscous altar of Jiyva.
 19018 | Lair:6   | Found a staircase to the Slime Pits.
 19369 | Lair:6   | Reached XP level 15. HP: 134/135 MP: 17/20
 19493 | Lair:6   | Reached skill level 5 in Evocations
 19543 | Lair:6   | Got an encrusted scale mail
 19554 | Lair:6   | Identified the +6 scale mail of the Voivode {*Corrode rElec rF+ MR+} (You found it on level 6 of the Lair of Beasts)
 19670 | Lair:6   | Gained mutation: You have sharp fingernails. [mutagenic meat]
 19671 | Lair:6   | Gained mutation: You are resistant to hostile enchantments. (MR+) [mutagenic meat]
 19932 | Lair:6   | Noticed Nessos
 19953 | Lair:6   | Killed Nessos
 20394 | D:12     | Noticed Josephine
 20408 | D:12     | Killed Josephine
 20741 | D:12     | Found a staircase to the Orcish Mines.
 20842 | D:12     | Reached ****** piety under Okawaru
 21284 | D:13     | Found a gate to the Vaults.
 21638 | D:14     | Received a gift from Okawaru
 22176 | D:15     | Entered Level 15 of the Dungeon
 22225 | D:15     | Reached skill level 20 in Axes
 22331 | D:15     | Found a staircase to the Depths.
 22634 | D:15     | Reached XP level 16. HP: 140/143 MP: 22/22
 22933 | D:15     | Reached skill level 21 in Axes
 23199 | Orc:1    | Entered Level 1 of the Orcish Mines
 23205 | Orc:1    | Noticed Fannar
 23225 | Orc:1    | Killed Fannar
 23767 | Orc:2    | Entered Level 2 of the Orcish Mines
 23768 | Orc:2    | Found a staircase to the Elven Halls.
 23829 | Orc:2    | Received a gift from Okawaru
 23839 | Orc:2    | Got a twisted scarf {god gift}
 23851 | Orc:2    | Identified the scarf "Xiepyih" {MR+ Str+10 Dex-2} (Okawaru gifted it to you on level 2 of the Orcish Mines)
 23864 | Orc:2    | Noticed Rupert
 23884 | Orc:2    | Killed Rupert
 24292 | Orc:2    | Found a roughly hewn altar of Beogh.
 24366 | Orc:2    | Found a roughly hewn altar of Beogh.
 24399 | Orc:2    | Found a roughly hewn altar of Beogh.
 24430 | Orc:2    | Found Nefett's General Store.
 24439 | Orc:2    | Bought 2 potions of heal wounds for 170 gold pieces
 24496 | Orc:2    | Found a roughly hewn altar of Beogh.
 24501 | Orc:2    | Found Wouzuo's Antique Armour Boutique.
 24508 | Orc:2    | Bought a pair of jewelled gloves for 180 gold pieces
 24508 | Orc:2    | Identified the +3 pair of gloves "Nocuuwe" {+Inv rCorr Str-2 Int+5} (You bought it in a shop on level 2 of the Orcish Mines)
 24577 | Orc:2    | Found a roughly hewn altar of Beogh.
 24614 | Orc:2    | Noticed Saint Roka
 24636 | Orc:2    | Killed Saint Roka
 24681 | Orc:2    | Found a roughly hewn altar of Beogh.
 24802 | Orc:2    | Found Hywat's Antique Armour Shoppe.
 24806 | Orc:2    | Found a roughly hewn altar of Beogh.
 24807 | Orc:2    | Found Ommeoc's Antique Weapon Emporium.
 24814 | Orc:2    | Bought a pair of pitted boots for 247 gold pieces
 24824 | Orc:2    | Identified the -2 pair of boots "Jeasy" {Regen+} (You bought it in a shop on level 2 of the Orcish Mines)
 25367 | Snake:1  | Entered Level 1 of the Snake Pit
 25507 | Snake:1  | Reached skill level 15 in Fighting
 25964 | Snake:1  | Got an ancient chain mail
 25975 | Snake:1  | Identified the +6 chain mail of the Cockatrice {*Corrode +Inv rF+++ Dex+6} (You found it on level 1 of the Snake Pit)
 26775 | Snake:2  | Noticed a nagaraja
 26776 | Snake:2  | Reached XP level 17. HP: 127/156 MP: 4/23
 26777 | Snake:2  | Reached skill level 10 in Evocations
 27165 | Snake:2  | Received a gift from Okawaru
 28401 | Snake:3  | Received a gift from Okawaru
 28754 | Snake:3  | Got an ancient ivory amulet
 28755 | Snake:3  | Identified the amulet "Coxirch" {Inacc rPois rC- Int+3} (You found it on level 3 of the Snake Pit)
 29778 | Snake:3  | Found a basalt altar of Yredelemnul.
 29782 | Snake:3  | Noticed Aizul
 29927 | Snake:3  | Killed Aizul
 29927 | Snake:3  | Reached XP level 18. HP: 49/163 MP: 24/26
 30550 | Snake:3  | Received a gift from Okawaru
 30555 | Snake:3  | Reached skill level 15 in Evocations
 30843 | Snake:4  | Entered Level 4 of the Snake Pit
 30898 | Snake:4  | Found Teanargh's Food Emporium.
 30916 | Snake:4  | Found Tuypt's Jewellery Shoppe.
 30918 | Snake:4  | Found Zonown's Armour Emporium.
 30924 | Snake:4  | Bought the ring of Yendor {Ice rPois rN+ MR+} for 874 gold pieces
 30924 | Snake:4  | Bought an uncursed amulet of rage for 760 gold pieces
 31615 | Snake:4  | Received a gift from Okawaru
 31616 | Snake:4  | Got a pair of scorched gloves {god gift}
 31627 | Snake:4  | Identified the +0 pair of gloves "Asyhij" {Int+3} (Okawaru gifted it to you on level 4 of the Snake Pit)
 31702 | Snake:4  | Got a serpentine rune of Zot
 32376 | Swamp:1  | Entered Level 1 of the Swamp
 32544 | Swamp:1  | Learned a level 1 spell: Summon Butterflies
 33363 | Swamp:2  | Reached XP level 19. HP: 169/170 MP: 28/28
 34282 | Swamp:3  | Got a jewelled whip
 34289 | Swamp:3  | Identified the +7 whip "Laxtoihi" {slash, rC+} (You found it on level 3 of the Swamp)
 34620 | Swamp:4  | Entered Level 4 of the Swamp
 34754 | Swamp:4  | Identified a scroll of acquirement
 35050 | Swamp:4  | Got an ichor-stained executioner's axe
 35051 | Swamp:4  | Identified the +1 executioner's axe of Exquisite Torment {drain, *Drain rN+++ MR- Dex+3} (You acquired it on level 4 of the Swamp)
 35334 | Swamp:4  | Noticed the 27-headed Lernaean hydra
 35372 | Swamp:4  | Killed the 27-headed Lernaean hydra
 35555 | Swamp:4  | Reached skill level 22 in Axes
 35580 | Swamp:4  | Got a decaying rune of Zot
 36240 | Elf:1    | Entered Level 1 of the Elven Halls
 36300 | Elf:1    | Found a portal to a secret trove of treasure.
 36417 | Elf:1    | Noticed a Tzitzimitl
 36417 | Elf:1    | Gained mutation: Your body sometimes deteriorates upon taking damage. [a neqoxec]
 36424 | Elf:1    | Received a gift from Okawaru
 36815 | Elf:1    | Reached skill level 23 in Axes
 36840 | Elf:1    | Identified Jotticro's Tome of Calling
 37042 | Elf:2    | Found Eluz's Antique Weapon Boutique.
 37061 | Elf:2    | Found Akott's Distillery.
 37102 | Elf:2    | Bought a potion of cancellation for 96 gold pieces
 37102 | Elf:2    | Bought 2 potions of haste for 240 gold pieces
 37102 | Elf:2    | Bought a potion of heal wounds for 60 gold pieces
 37102 | Elf:2    | Bought a potion of haste for 120 gold pieces
 37102 | Elf:2    | Bought a potion of haste for 120 gold pieces
 37102 | Elf:2    | Bought a potion of haste for 120 gold pieces
 37102 | Elf:2    | Bought a potion of agility for 48 gold pieces
 37166 | Elf:2    | Received a gift from Okawaru
 37172 | Elf:2    | Found Uqasur Ynnu's Jewellery Emporium.
 37219 | Elf:2    | Found Hefua's Armour Shoppe.
 37222 | Elf:2    | Bought a +2 large shield of reflection for 277 gold pieces
 37418 | Elf:2    | Found Sarholen's Armour Emporium.
 37550 | Elf:2    | Got a slimy silver amulet
 37551 | Elf:2    | Identified the amulet "Leidounone" {Inacc Str+4 Int+4 Dex+6 Stlth-} (You found it on level 2 of the Elven Halls)
 37614 | Elf:2    | Reached XP level 20. HP: 162/178 MP: 29/29
 37686 | Elf:2    | Found a deep blue altar of Sif Muna.
 37739 | Elf:2    | Found a huge runed gate.
 37739 | Elf:2    | Found a huge runed gate.
 37739 | Elf:2    | Found a huge runed gate.
 37740 | Elf:2    | Found a huge runed gate.
 37741 | Elf:2    | Found a huge runed gate.
 38370 | Elf:3    | Entered Level 3 of the Elven Halls
 38507 | Elf:3    | Found Wuoxzidgh's Armour Emporium.
 38512 | Elf:3    | Found Lyfip's Antique Weapon Shoppe.
 38512 | Elf:3    | Found Zorodobu's General Store.
 38523 | Elf:3    | Found Wamn's Weapon Shoppe.
 38639 | Elf:3    | Received a gift from Okawaru
 38901 | Elf:3    | Bought a scroll of enchant armour for 97 gold pieces
 38977 | Elf:3    | Reached skill level 15 in Shields
 38978 | Elf:3    | Noticed a Brimstone Fiend
 39334 | Elf:3    | Received a gift from Okawaru
 39622 | Elf:3    | Noticed a Tzitzimitl
 39629 | Elf:3    | Noticed a Brimstone Fiend
 39693 | Elf:3    | Reached XP level 21. HP: 58/184 MP: 30/30
 40011 | Elf:3    | Got a smoking war axe {chop}
 40012 | Elf:3    | Identified the +9 war axe of the Crawling Thing {chop, rElec rF+} (You took it off a deep elf knight on level 3 of the Elven Halls)
 40099 | Elf:3    | Identified the Volume of Clay and Darkness
 40136 | Elf:3    | Got a crude cloak
 40147 | Elf:3    | Identified the cursed +0 cloak "Ottap" {rF+} (You found it on level 3 of the Elven Halls)
 40222 | Elf:3    | Got a smoking wooden ring
 40224 | Elf:3    | Identified the ring of Democracy {Int+4 Stlth+} (You found it on level 3 of the Elven Halls)
 40890 | Slime:1  | Entered Level 1 of the Pits of Slime
 41040 | Slime:2  | Gained mutation: You are frail. (-10% HP) [a shining eye]
 41495 | Slime:3  | Gained mutation: Your magical capacity is very low. (-20% MP) [a shining eye]
 41502 | Slime:3  | Gained mutation: Your body often deteriorates upon taking damage. [a shining eye]
 41552 | Slime:3  | Received a gift from Okawaru
 41920 | Slime:4  | Received a gift from Okawaru
 41940 | Slime:4  | Got a spiked scale mail {god gift}
 41951 | Slime:4  | Identified the +1 scale mail "Posodgh" {+Blink SInv} (Okawaru gifted it to you on level 4 of the Pits of Slime)
 41980 | Slime:5  | Entered Level 5 of the Pits of Slime
 41988 | Slime:5  | Gained mutation: You are weak. (Str -2) [a shining eye]
 41992 | Slime:5  | Lost mutation: You are weak. (Str -2) [a shining eye]
 42225 | Slime:5  | Gained mutation: You are very frail. (-20% HP) [a shining eye]
 42444 | Slime:5  | Noticed the Royal Jelly
 42693 | Slime:5  | Found a viscous altar of Jiyva.
 42897 | Slime:5  | Killed the Royal Jelly
 42897 | Slime:5  | Reached XP level 22. HP: 153/153 MP: 18/27
 42919 | Slime:5  | HP: 3/153 [azure jelly[the Royal Jelly] (18)]
 42919 | Slime:5  | Demolished by an azure jelly

Vault maps used:
D:1:      lemuel_arrival_room
D:2:      minmay_tetromino_s4
D:4:      kennysheep_vampire_church, first_bread, kennysheep_generic_room_3
D:5:      minivault_4, uniq_duvessa
D:6:      minmay_temple_entry_fiery, okawaru_gym_becter
D:7:      basic_altar, grunt_livestock, grunt_decor_mini_mirrors,
          grunt_ministairs_6, yredelemnul_altar_generic
D:8:      erik_lair_orcish_takeover, uniq_psyche
D:9:      serial_shops, shop
D:10:     minmay_diamond_stairs, serial_ice, serial_ice_d, serial_ice_o,
          serial_ice_a, serial_ice_i, serial_ice_b, serial_ice_f, serial_ice_m,
          serial_ice_e, serial_ice_h, serial_ice_g
D:11:     lab_entry_generic, uniq_urug, uniq_nergalle
D:12:     david_orc_4, uniq_josephine
D:13:     david_vaults_5
D:14:     hangedman_decor_points
D:15:     grunt_enter_depths_snipers, hangedman_decor_riveting,
          hangedman_weighted_door, grunt_ministairs_8
Temple:   grunt_wide_crystal_templ
Lair:1:   serial_bayou_pond_c, grunt_megastairs_1
Lair:2:   patterned_corridor, grunt_megastairs_5
Lair:3:   kb_forest_paths, ice2_lemuel, infiniplex_staircase_pool_2
Lair:4:   minmay_swamp_entry_worms, minmay_snake_entry_six_corridors,
          lemuel_fruit_fields, lemuel_fruit_fields, uniq_sonja
Lair:5:   beast_lair_carwin_large_4, hangedman_lair_generics_rect
Lair:6:   hangedman_lair_tendril_chambers, guppyfry_lair_end_dragon,
          slime_altar_2, bobbens_ice_dragon_lair, uniq_nessos
Swamp:1:  infiniplex_staircase_pool
Swamp:2:  hangedman_swamp_cone, swamp_pool5
Swamp:3:  evilmike_swamp_ruin_house_2, swamp_pool4, roderic_carrion_pond
Swamp:4:  swamp_old_school, swamp_pool1
Snake:1:  grunt_megastairs_4
Snake:2:  serial_corexii_hall, corexii_hall_statues_u, corexii_hall_statues_x,
          corexii_hall_statues_x, corexii_hall_statues_l,
          hangedman_snake_corridor_cut, serial_bayou_shore_b
Snake:3:  basic_altar, grunt_ministairs_7, nrook_guardian_serpent_double,
          serial_bayou_shore_a, uniq_aizul
Snake:4:  snake_pit, minmay_shop_star, basic_stair_grate_trap
Slime:1:  cheibrodos_slime_lost_civilization_3, basic_altar
Slime:4:  nicolae_slime_welcoming_committee
Orc:1:    nicolae_orc_tapped_out, uniq_fannar
Orc:2:    grunt_orc_community_town_hall, grunt_orc_community_big_house_1,
          grunt_orc_community_big_house_2, grunt_orc_community_house_1,
          grunt_orc_community_house_2, grunt_orc_community_house_2,
          grunt_orc_community_house_3, grunt_orc_community_house_1, uniq_rupert
Elf:1:    eino_elf_arrival_sip, nicolae_trove_entry_crystal,
          minmay_elf_demonology
Elf:2:    serial_shops, shop, shop, shop_statue, shop, nicolae_shop_waterfront,
          lemuel_blue_sif_altar, uniq_saint_roka
Elf:3:    minmay_elf_hall_not_hex, special_room, minmay_shoptagon,
          basic_stair_grate_trap
Lab:      labyrinth_watery, labyrinth_skeletal_remains, lab_fountain,
          nicolae_lab_hexagon, nicolae_lab_flowing_pool,
          nicolae_lab_checkerboard

Skill      XL: |  1  2  3  4  5  6  7  8  9 10 11 12 13 14 15 16 17 18 19 20 21 |
---------------+----------------------------------------------------------------+-----
Axes           | 3 5 6 8 10 13 16 18 19 20 21 23 | 23.0
Fighting       | 4 10 11 13 15 | 15.0
Shields        | 4 8 9 11 12 16 19 | 19.0
Armour         | 4 7 8 9 12 13 | 13.0
Dodging        | 1 2 4 5 6 7 9 |  9.7
Invocations    | 5 10 12 13 14 | 14.0
Evocations     | 1 4 7 9 14 17 | 17.2

Action                   |  1- 3 |  4- 6 |  7- 9 | 10-12 | 13-15 | 16-18 | 19-21 | 22-24 || total
-------------------------+-------+-------+-------+-------+-------+-------+-------+-------++-------
Melee: War axe           |   103 |   271 |   127 |       |       |       |       |       ||   501
       Broad axe         |       |       |   209 |   775 |  1365 |  1220 |  1123 |    22 ||  4714
       Kick              |       |       |    15 |   301 |    58 |       |       |       ||   374
       Mace              |       |       |       |       |    60 |     8 |    16 |       ||    84
       Whip              |       |       |       |       |       |       |    33 |       ||    33
Throw: Tomahawk          |       |       |       |    16 |       |     1 |       |       ||    17
Invok: Heroism           |       |       |     1 |    14 |    22 |    18 |    10 |       ||    65
       Finesse           |       |       |       |     1 |       |     3 |     4 |       ||     8
 Abil: Evoke Flight      |       |       |       |       |     2 |     1 |       |       ||     3
       Stop Flying       |       |       |       |       |     1 |       |       |       ||     1
       Evoke Berserk Rag |       |       |       |       |       |     1 |     5 |       ||     6
       Evoke Invisibilit |       |       |       |       |       |       |     1 |       ||     1
Evoke: Wand              |       |       |     1 |       |       |       |    12 |       ||    13
       Sack of spiders   |       |       |       |       |       |       |     1 |       ||     1
  Use: Scroll            |       |     8 |     7 |     6 |    20 |    10 |    20 |       ||    71
       Potion            |       |     5 |     5 |     5 |     1 |    11 |     9 |       ||    36
 Stab: Distracted        |       |       |       |       |     2 |     1 |     2 |       ||     5
  Eat: Chunk             |       |     8 |    16 |    17 |    21 |    16 |     8 |       ||    86
       Fruit             |       |       |       |     4 |    12 |     4 |       |       ||    20
       Royal jelly       |       |       |       |     1 |     1 |     1 |     6 |       ||     9
       Bread ration      |       |       |       |       |     1 |     2 |     2 |       ||     5
       Meat ration       |       |       |       |       |       |     2 |     1 |       ||     3
Armor: Scale mail        |    43 |   125 |    82 |    54 |       |       |       |       ||   304
       Skin              |       |       |     5 |       |       |       |       |       ||     5
       Plate armour      |       |       |       |   177 |       |       |       |       ||   177
       Chain mail        |       |       |       |    47 |   477 |   353 |   338 |     7 ||  1222
Dodge: Dodged            |    38 |    81 |    63 |   155 |   434 |   355 |   340 |    38 ||  1504
Block: Shield            |    53 |   157 |   163 |   288 |   109 |   829 |   322 |       ||  1921
       Buckler           |       |       |       |    34 |   500 |       |       |       ||   534
       Large shield      |       |       |       |       |       |       |   543 |    45 ||   588
       Reflection        |       |       |       |       |       |       |    29 |       ||    29
